 Dungeon Crawl Stone Soup version 0.30-a0-162-g2ba88f6271 (webtiles) character file.

Game seed: 13307538665154058369

1460 CikkeliCalle the Spear-Bearer (level 8, -5/64 HPs)
             Began as a Merfolk Gladiator on Sept 28, 2022.
             Slain by an orc warrior
             ... wielding a +0 long sword
              (12 damage)
             ... on level 5 of the Dungeon.
             The game lasted 00:17:42 (7979 turns).

CikkeliCalle the Spear-Bearer (Merfolk Gladiator)   Turns: 7979, Time: 00:17:43

Health: -5/64      AC:  9    Str: 14    XL:     8   Next: 76%
Magic:  12/12      EV: 13    Int:  7    God:
Gold:   234        SH:  0    Dex: 18    Spells: 12/12 levels left

rFire   . . .      SeeInvis .    a - +1 trident
rCold   . . .      Faith    +    (no shield)
rNeg    . . .      Spirit   .    j - +0 ring mail
rPois   .          Reflect  .    (no helmet)
rElec   .          Harm     .    (no cloak)
rCorr   .          Rampage  .    (no gloves)
Will    .....                    g - +1 pair of boots
Stlth   +.........               s - amulet of faith
HPRegen 0.00/turn                (no ring)
MPRegen 0.13/turn                (no ring)

@: inhibited regen
A: (nimble swimmer 2), mertail, iridescent scales 1, inhibited regeneration
a: no special abilities


You were on level 5 of the Dungeon.
You visited 1 branch of the dungeon, and saw 6 of its levels.
You also visited: Sewer.

You collected 234 gold pieces.

Inventory:

Hand Weapons
 a - a +1 trident (weapon)
Missiles
 d - 3 throwing nets (quivered)
 e - a javelin
Armour
 c - a +0 helmet
 g - a +1 pair of boots (worn)
 j - a +0 ring mail (worn)
Jewellery
 s - an amulet of faith (around neck)
 u - a ring of fire
Wands
 p - a wand of paralysis (8)
Scrolls
 f - a scroll of summoning
 h - 3 scrolls of teleportation
 i - 7 scrolls of identify
 k - a scroll of poison
 q - a scroll of enchant weapon
 t - a scroll of vulnerability {unknown}


   Skills:
 * Level 5.8 Fighting
 * Level 9.8 Polearms
 - Level 2.0 Throwing
 + Level 3.0 Armour
 + Level 5.5 Dodging
 + Level 1.0 Stealth
 * Level 2.7 Spellcasting


You had 12 spell levels left.
You didn't know any spells.
Your spell library contained the following spells:

 Spells                   Type           Power      Damage    Failure   Level
 Ozocubu's Armour         Ice            0%         N/A       91%         3
 Ozocubu's Refrigeration  Ice            0%         4d7       100%        7


Dungeon Overview and Level Annotations

Branches:
Dungeon (6/15)              Sewer (visited)
 Temple: D:4-7

Altars:
Dithmenos
Kikubaaqudgha
Makhleb
Nemelex Xobeh
Vehumet

Shops:
D:5 *


Innate Abilities, Weirdness & Mutations

((You are very nimble when in or above water. (Stealth+, EV+, Speed+++)))
Your lower body shifts to a powerful aquatic tail in water.
You are partially covered in iridescent scales. (AC +2)
You do not regenerate when monsters are visible.


Message History

The adder is heavily wounded.
You feel less invigorated.
You feel less confused. The adder barely misses you.
You hit the adder but do no damage.
The adder is heavily wounded.
The adder bites you but does no damage.
You barely miss the adder.
The adder is heavily wounded.
The adder misses you.
You barely miss the adder.
The adder is heavily wounded.
The adder misses you.
You hit the adder.
The adder is almost dead.
The adder closely misses you.
You hit the adder.
You kill the adder!
You see here an adder corpse.
You start resting.
An orc warrior is nearby!
The orc warrior shoots a bolt.
The bolt closely misses you.
The orc warrior shoots a bolt.
The bolt hits you.
The orc warrior shoots a bolt.
The bolt hits you.
The orc warrior unwields a +0 arbalest.
The orc warrior wields a +0 long sword.
The orc warrior closely misses you.
You hit the orc warrior.
The orc warrior is lightly wounded.
The orc warrior hits you with a +0 long sword!
You hit the orc warrior.
The orc warrior is lightly wounded.
You hit the orc warrior but do no damage.
Your punch misses the orc warrior.
The orc warrior is lightly wounded.
The orc warrior hits you with a +0 long sword!
* * * LOW HITPOINT WARNING * * *
You closely miss the orc warrior.
The orc warrior is lightly wounded.
The orc warrior hits you with a +0 long sword!
You die...

#§§≈≈≈[≈§≈≈≈###.#########.#
#####..####...............#
#.## #.###.########..# #.#
#># #.# #..# #.### #†###.#
#..# #...# #.##..# #..##
###.# #.##.## #.... #.#
#.##.### #.#.. #.###@##...#
#...# #...o.<###.# #####
#..###.# #.# #..# #.# #.#
#..###.# #<# #......# #.#
#.##)### #.# #.##.## #<#
#.....####.######


You could see an orc warrior.

Vanquished Creatures
  Grinder (D:3)
  Eustachio (D:4)
  A sky beast (D:5)
  2 centaurs (D:5)
  A phantom (D:4)
  Blork the orc (D:4)
  5 scorpions
  3 jellies
  3 iguanas (D:5)
  Natasha (thrice) (D:3)
  7 adders
  4 river rats (Sewer)
  2 shadow imps
  2 worms
  2 dart slugs
  8 orcs (D:4)
  6 ball pythons
  3 endoplasms
  7 giant cockroaches
  3 goblins
  4 hobgoblins
  7 jackals
  10 kobolds
  3 quokkas
  6 bats
  4 frilled lizards
  8 rats
107 creatures vanquished.

Notes
Turn   | Place    | Note
-------+----------+-------------------------------------------
     0 | D:1      | CikkeliCalle the Merfolk Gladiator began the quest for the
                  | Orb.
     0 | D:1      | Reached XP level 1. HP: 16/16 MP: 1/1
   120 | D:1      | Reached XP level 2. HP: 17/22 MP: 2/2
   381 | D:1      | Found a faded altar of an unknown god.
   650 | D:1      | Reached XP level 3. HP: 28/28 MP: 3/3
  1033 | D:2      | Found a radiant altar of Vehumet.
  1954 | D:3      | Reached skill level 5 in Polearms
  2003 | D:3      | Noticed Grinder
  2054 | D:3      | Paralysed by Grinder for 4 turns
  2063 | D:3      | Killed Grinder
  2064 | D:3      | Reached skill level 6 in Polearms
  2064 | D:3      | Reached skill level 1 in Armour
  2064 | D:3      | Reached skill level 1 in Spellcasting
  2064 | D:3      | Reached XP level 4. HP: 3/37 MP: 3/5
  2064 | D:3      | Reached XP level 5. HP: 4/42 MP: 3/6
  2064 | D:3      | Reached XP level 6. HP: 4/48 MP: 3/7
  2262 | D:3      | Found a glowing drain.
  2267 | Sewer    | Entered a sewer
  3336 | D:3      | Noticed Natasha
  3345 | D:3      | Killed Natasha
  3460 | D:3      | Noticed Natasha
  3469 | D:3      | Killed Natasha
  3470 | D:3      | Reached skill level 7 in Polearms
  3689 | D:3      | Noticed Natasha
  3698 | D:3      | Killed Natasha
  4344 | D:4      | Noticed Blork the orc
  4365 | D:4      | Killed Blork the orc
  4366 | D:4      | Reached XP level 7. HP: 26/55 MP: 9/9
  4532 | D:4      | Noticed Eustachio
  4620 | D:4      | Killed Eustachio
  4621 | D:4      | Reached skill level 5 in Dodging
  4733 | D:4      | Gained mutation: You have a pair of small horns on your
                  | head. [potion of mutation]
  4733 | D:4      | Gained mutation: You have an increased reservoir of magic.
                  | (+10% MP) [potion of mutation]
  4736 | D:4      | Reached skill level 8 in Polearms
  5176 | D:4      | Found an ancient bone altar of Kikubaaqudgha.
  5596 | D:5      | Entered Level 5 of the Dungeon
  5615 | D:5      | Found a burning altar of Makhleb.
  5714 | D:5      | Found Miar's Assorted Antiques.
  5738 | D:5      | Reached skill level 5 in Fighting
  5738 | D:5      | Reached XP level 8. HP: 62/62 MP: 12/12
  6178 | D:5      | Reached skill level 9 in Polearms
  6580 | D:5      | Lost mutation: You have an increased reservoir of magic.
                  | (+10% MP) [potion of mutation]
  6580 | D:5      | Lost mutation: You have a pair of small horns on your head.
                  | [potion of mutation]
  6580 | D:5      | Gained mutation: You are partially covered in iridescent
                  | scales. (AC +2) [potion of mutation]
  6580 | D:5      | Gained mutation: You do not regenerate when monsters are
                  | visible. [potion of mutation]
  6730 | D:5      | Found a sparkling altar of Nemelex Xobeh.
  6730 | D:5      | Found a shadowy altar of Dithmenos.
  7045 | D:5      | Reached skill level 1 in Stealth
  7127 | D:5      | HP: 2/64 [orc warrior/bolt (9)]
  7979 | D:5      | Slain by an orc warrior

Illustrated notes

Levels and vault maps discovered:
D:1:      psy_arrival_statuary, layout_loops_ring,
          ebering_ecumenical_altar_hall, minmay_quantized
D:2:      layout_loops_ring, basic_altar
D:3:      layout_basic, portal_sewer_entry_e, uniq_natasha, uniq_grinder
D:4:      layout_rooms, kennysheep_mini_moat, kennysheep_pointless_box,
          uniq_blork_the_orc, uniq_eustachio
D:5:      layout_loops_ring, jmf_multi_god_temple, lightli_temple_of_fire,
          serial_shops, kennysheep_little_box
D:6:      layout_loops_ring, nicolae_uskayaw_murder_on_the_dancefloor,
          lemuel_coloured_pillars_altar, serial_shops, nicolae_square_shop,
          nicolae_fountain_basement, uniq_maggie

Skill      XL: |  1  2  3  4  5  6  7  8 |
---------------+-------------------------+-----
Polearms       | 6 7 8 9 |  9.8
Fighting       | 3 4 5 |  5.8
Armour         | 1 2 3 |  3.0
Spellcasting   | 1 2 |  2.7
Dodging        | 5 |  5.5
Stealth        | 1 |  1.0
Throwing       | |  2.0

Action                   |  1- 3 |  4- 6 |  7- 9 || total
-------------------------+-------+-------+-------++-------
Melee: Trident           |   123 |   179 |   309 ||   611
       Punch             |       |     1 |     3 ||     4
       Tailslap          |       |     1 |       ||     1
       Headbutt          |       |       |    17 ||    17
  Use: Scroll            |     3 |     4 |     4 ||    11
       Potion            |     2 |       |     9 ||    11
 Stab: Sleeping          |       |     1 |       ||     1
Armor: Leather armour    |     3 |       |       ||     3
       Ring mail         |    27 |    34 |    87 ||   148
Dodge: Dodged            |    58 |    85 |   201 ||   344

Table legend: (Time is in decaauts)
 A = Elapsed time spent in this place.
 B = Non-inter-level travel time spent in this place.
 C = Inter-level travel time spent in this place.
 D = Time resting spent in this place.
 E = Time spent auto-exploring this place.
 F = Levels seen in this place.
 G = Mean time per level.
                   A        B        C        D        E       F      G
               +--------+--------+--------+--------+--------+-----+--------+
         Total |   7887 |   7688 |    199 |   2459 |   3827 |   7 | 1126.7 |
       Dungeon |   6898 |   6699 |    199 |   1992 |   3434 |   6 | 1149.7 |
         Sewer |    988 |    988 |      0 |    467 |    392 |   1 |  988.0 |
               +--------+--------+--------+--------+--------+-----+--------+

Top non-repeatable levels by time:
     D:5: 1879 daAuts
     D:4: 1597 daAuts
     D:3: 1326 daAuts
     D:1: 1140 daAuts
   Sewer: 988 daAuts
     D:2: 799 daAuts
     D:6: 156 daAuts
